TOP OF THE 1ST |
Minnesota Golden Gophers batting - Pitching for Oregon State Beavers : LHP Jorge Mora
|
Pitching: LHP Jorge Mora
|
|
Batting: SHB Van White
|
0-0: Foul Ball, location: 2F 0-1: Ball 1-1: Swinging Strike 1-2: Foul Ball, location: 2F 1-2: Ball 2-2: Strikes out swinging
|
Batting: LHB Matt Murphy
|
0-0: Called Strike 0-1: Foul Ball, location: 2F 0-2: Strikes out swinging
|
Batting: RHB Carlos López
|
0-0: Called Strike 0-1: Swinging Strike 0-2: Ball 1-2: Strikes out looking
|
Top of the 1st over - 0 run(s), 0 hit(s), 0 error(s), 0 left on base; Minnesota 0 - Oregon State 0 |
BOTTOM OF THE 1ST |
Oregon State Beavers batting - Pitching for Minnesota Golden Gophers : LHP Michael Sims
|
Pitching: LHP Michael Sims
|
|
Now in CF: Doug Willard
|
|
Batting: RHB Ben Barker
|
0-0: Foul Ball, location: 2F 0-1: Ball 1-1: Foul Ball, location: 2F 1-2: Ball 2-2: Strikes out swinging
|
Batting: RHB Abraham Hardy
|
0-0: Called Strike 0-1: Ball 1-1: SINGLE (Flyball, 78S) - OUT at second base trying to stretch hit.
|
Batting: LHB Charlie Dennis
|
0-0: Swinging Strike 0-1: SOLO HOME RUN (Flyball, 78XD), Distance : 378 ft
|
Batting: RHB Elvis Hendrix
|
0-0: Ball 1-0: Called Strike 1-1: DOUBLE (Flyball, 78M)
|
Batting: RHB Jorge Costa
|
0-0: Ball 1-0: Ball 2-0: Ball 3-0: Called Strike 3-1: Base on Balls
|
Batting: SHB Gerald Young
|
0-0: Swinging Strike 0-1: Called Strike 0-2: Foul Ball, location: 2F 0-2: Ball 1-2: Ball 2-2: Strikes out swinging
|
Bottom of the 1st over - 1 run(s), 3 hit(s), 0 error(s), 2 left on base; Minnesota 0 - Oregon State 1 |
TOP OF THE 2ND |
Minnesota Golden Gophers batting - Pitching for Oregon State Beavers : LHP Jorge Mora
|
Batting: RHB Brady McIntyre
|
0-0: Ball 1-0: Foul Ball, location: 2F 1-1: Ball 2-1: Fly out, F7 (Flyball, 78M)
|
Batting: RHB Esteban Ayala
|
0-0: Ball 1-0: Called Strike 1-1: Ball 2-1: Swinging Strike 2-2: Foul Ball, location: 2F 2-2: Foul Ball, location: 2F 2-2: Ball 3-2: Fly out, F8 (Flyball, 8RM)
|
Batting: RHB Ben Lund
|
0-0: Ball 1-0: Fly out, F5 (Popup, 15)
|
Top of the 2nd over - 0 run(s), 0 hit(s), 0 error(s), 0 left on base; Minnesota 0 - Oregon State 1 |
BOTTOM OF THE 2ND |
Oregon State Beavers batting - Pitching for Minnesota Golden Gophers : LHP Michael Sims
|
Batting: RHB Ron Murphy
|
0-0: Called Strike 0-1: Ball 1-1: Ground out 1-3 (Groundball, 15)
|
Batting: LHB Bob Johnson
|
0-0: Called Strike 0-1: Ball 1-1: Ball 2-1: Foul Ball, location: 2F 2-2: Ball 3-2: Foul Ball, location: 2F 3-2: Foul Ball, location: 2F 3-2: Base on Balls
|
Batting: RHB Francisco Hernández
|
0-0: Ball 1-0: Ball 2-0: Ground out 5-3 (Groundball, 5S) Bob Johnson to second
|
Batting: RHB Ben Barker
|
0-0: Swinging Strike 0-1: Ball 1-1: Ball Wild Pitch! Bob Johnson to third 2-1: Called Strike 2-2: Strikes out looking
|
Bottom of the 2nd over - 0 run(s), 0 hit(s), 0 error(s), 1 left on base; Minnesota 0 - Oregon State 1 |
TOP OF THE 3RD |
Minnesota Golden Gophers batting - Pitching for Oregon State Beavers : LHP Jorge Mora
|
Batting: RHB Tim Glendonwyn
|
0-0: Ball 1-0: Fly out, F9 (Flyball, 89M)
|
Batting: RHB Félix Escamilla
|
0-0: Ball 1-0: Fly out, F7 (Flyball, 7LS)
|
Batting: LHB Nick Hopper
|
0-0: Fly out, F8 (Flyball, 8LM)
|
Top of the 3rd over - 0 run(s), 0 hit(s), 0 error(s), 0 left on base; Minnesota 0 - Oregon State 1 |
BOTTOM OF THE 3RD |
Oregon State Beavers batting - Pitching for Minnesota Golden Gophers : LHP Michael Sims
|
Batting: RHB Abraham Hardy
|
0-0: Ball 1-0: Ball 2-0: Ball 3-0: Base on Balls
|
Batting: LHB Charlie Dennis
|
0-0: Ground out 4-3 (Groundball, 4M) Abraham Hardy to second
|
Batting: RHB Elvis Hendrix
|
0-0: Ball 1-0: Swinging Strike 1-1: Called Strike 1-2: Strikes out swinging
|
Batting: RHB Jorge Costa
|
0-0: Ball 1-0: Fly out, F8 (Flyball, 8RM)
|
Bottom of the 3rd over - 0 run(s), 0 hit(s), 0 error(s), 1 left on base; Minnesota 0 - Oregon State 1 |
TOP OF THE 4TH |
Minnesota Golden Gophers batting - Pitching for Oregon State Beavers : LHP Jorge Mora
|
Batting: SHB Van White
|
0-0: Foul Ball, location: 2F 0-1: Swinging Strike 0-2: Strikes out swinging
|
Batting: LHB Matt Murphy
|
0-0: Called Strike 0-1: Ball 1-1: Ball 2-1: Foul Ball, location: 2F 2-2: Strikes out swinging
|
Batting: LHB Doug Willard
|
0-0: Ball 1-0: Ball 2-0: DOUBLE (Groundball, 3L)
|
Batting: RHB Brady McIntyre
|
0-0: Ball 1-0: Ball 2-0: Ground out 6-3 (Groundball, 6)
|
Top of the 4th over - 0 run(s), 1 hit(s), 0 error(s), 1 left on base; Minnesota 0 - Oregon State 1 |
BOTTOM OF THE 4TH |
Oregon State Beavers batting - Pitching for Minnesota Golden Gophers : LHP Michael Sims
|
Batting: SHB Gerald Young
|
0-0: Ball 1-0: SINGLE (Groundball, 56D)
|
Batting: RHB Ron Murphy
|
0-0: Ball 1-0: Called Strike 1-1: Ball 2-1: Ball 3-1: Base on Balls Gerald Young to second
|
Batting: LHB Bob Johnson
|
0-0: Called Strike 0-1: Foul Ball, location: 2F 0-2: Fielders Choice at 2nd, 6-4 (Groundball, 6) Gerald Young to third
|
Batting: RHB Francisco Hernández
|
0-0: Called Strike 0-1: Hit by Pitch Bob Johnson to second
|
Batting: RHB Ben Barker
|
0-0: Ball 1-0: Called Strike 1-1: Ball 2-1: SINGLE (Flyball, 78S) Gerald Young scores Bob Johnson to third Francisco Hernández to second
|
Batting: RHB Abraham Hardy
|
0-0: Ball 1-0: Ball 2-0: SINGLE (Line Drive, 6D) Bob Johnson scores Francisco Hernández to third Ben Barker to second
|
Batting: LHB Charlie Dennis
|
0-0: Called Strike 0-1: Swinging Strike 0-2: Ball 1-2: Foul Ball, location: 2F 1-2: Ball 2-2: Strikes out looking
|
Batting: RHB Elvis Hendrix
|
0-0: Swinging Strike 0-1: Ball 1-1: Ball 2-1: SINGLE (Groundball, 56) Francisco Hernández scores Ben Barker to third Abraham Hardy to second Runner from 3rd tries for Home, SAFE, no throw or cutoff
|
Pitching: LHP Javier Robles
|
|
Batting: RHB Jorge Costa
|
0-0: Ball 1-0: Foul Ball, location: 2F 1-1: Ball 2-1: Ball 3-1: DOUBLE (Line Drive, 89XD) Abraham Hardy scores Elvis Hendrix to third Runner from 3rd tries for Home, SAFE, no throw or cutoff
|
Batting: SHB Gerald Young
|
0-0: Called Strike 0-1: TRIPLE (Line Drive, 9LM) Jorge Costa scores
|
Batting: RHB Ron Murphy
|
0-0: Ball 1-0: Swinging Strike 1-1: Called Strike 1-2: Ball 2-2: Strikes out swinging
|
Bottom of the 4th over - 7 run(s), 6 hit(s), 0 error(s), 1 left on base; Minnesota 0 - Oregon State 8 |
TOP OF THE 5TH |
Minnesota Golden Gophers batting - Pitching for Oregon State Beavers : LHP Jorge Mora
|
Batting: RHB Esteban Ayala
|
0-0: Fly out, F5 (Popup, 5L)
|
Batting: RHB Ben Lund
|
0-0: Called Strike 0-1: Swinging Strike 0-2: Ball 1-2: Ball 2-2: Ball 3-2: Base on Balls
|
Batting: RHB Tim Glendonwyn
|
0-0: Called Strike 0-1: Swinging Strike 0-2: Ball 1-2: SINGLE (Line Drive, 56) Ben Lund to second
|
Batting: RHB Félix Escamilla
|
0-0: Foul Ball, location: 2F 0-1: SINGLE (Groundball, 6MD) Ben Lund to third Tim Glendonwyn to second Runner from 3rd tries for Home, SAFE, throw made home Tim Glendonwyn to third Félix Escamilla to second
|
Batting: LHB Nick Hopper
|
0-0: Called Strike 0-1: Called Strike 0-2: Strikes out looking
|
Batting: SHB Van White
|
0-0: Ball 1-0: Ball 2-0: Foul Ball, location: 2F 2-1: Ball 3-1: Ground out 3-1 (Groundball, 34)
|
Top of the 5th over - 1 run(s), 2 hit(s), 0 error(s), 2 left on base; Minnesota 1 - Oregon State 8 |
BOTTOM OF THE 5TH |
Oregon State Beavers batting - Pitching for Minnesota Golden Gophers : LHP Javier Robles
|
Batting: LHB Bob Johnson
|
0-0: Foul Ball, location: 2F 0-1: Ball 1-1: DOUBLE (Groundball, 3L)
|
Batting: RHB Francisco Hernández
|
0-0: Ball 1-0: Ball 2-0: Ball 3-0: Called Strike 3-1: Swinging Strike 3-2: Fly out, F5 (Line Drive, 5) 3-2: Lined into DP, 5-4 (Line Drive, 5)
|
Batting: RHB Ben Barker
|
0-0: SOLO HOME RUN (Flyball, 7LD), Distance : 316 ft
|
Batting: RHB Abraham Hardy
|
0-0: Called Strike 0-1: Ball 1-1: Foul Ball, location: 2F 1-2: Strikes out looking
|
Bottom of the 5th over - 1 run(s), 2 hit(s), 0 error(s), 0 left on base; Minnesota 1 - Oregon State 9 |
TOP OF THE 6TH |
Minnesota Golden Gophers batting - Pitching for Oregon State Beavers : LHP Jorge Mora
|
Batting: LHB Matt Murphy
|
0-0: SINGLE (Line Drive, 6MD)
|
Batting: LHB Doug Willard
|
0-0: Foul Ball, location: 2F 0-1: Fly out, F4 (Popup, 4)
|
Batting: RHB Brady McIntyre
|
0-0: Called Strike 0-1: Fly out, F9 (Flyball, 89M)
|
Batting: RHB Esteban Ayala
|
0-0: Foul Ball, location: 2F 0-1: Ball 1-1: Ball 2-1: Foul Ball, location: 2F 2-2: Ground out 4-3 (Groundball, 4)
|
Top of the 6th over - 0 run(s), 1 hit(s), 0 error(s), 1 left on base; Minnesota 1 - Oregon State 9 |
BOTTOM OF THE 6TH |
Oregon State Beavers batting - Pitching for Minnesota Golden Gophers : LHP Javier Robles
|
Batting: LHB Charlie Dennis
|
0-0: Called Strike 0-1: Ball 1-1: Ball 2-1: Ball 3-1: Foul Ball, location: 2F 3-2: Base on Balls
|
Batting: RHB Elvis Hendrix
|
0-0: Called Strike 0-1: Foul Ball, location: 2F 0-2: Ball 1-2: Foul Ball, location: 2F 1-2: Foul Ball, location: 2F 1-2: Fielders Choice at 2nd, 6-4 (Groundball, 6M)
|
Batting: RHB Jorge Costa
|
0-0: Ball 1-0: Called Strike 1-1: Called Strike 1-2: Foul Ball, location: 2F 1-2: Ball 2-2: Fly out, F4 (Line Drive, 34)
|
Batting: SHB Gerald Young
|
0-0: Called Strike 0-1: Called Strike 0-2: Ball 1-2: Foul Ball, location: 2F 1-2: Ground out 1-3 (Groundball, 13)
|
Bottom of the 6th over - 0 run(s), 0 hit(s), 0 error(s), 1 left on base; Minnesota 1 - Oregon State 9 |
TOP OF THE 7TH |
Minnesota Golden Gophers batting - Pitching for Oregon State Beavers : LHP Jorge Mora
|
Batting: RHB Ben Lund
|
0-0: Called Strike 0-1: Ball 1-1: Foul Ball, location: 2F 1-2: Ground out 6-3 (Groundball, 6M)
|
Pitching: LHP Mario Morales
|
|
Batting: RHB Tim Glendonwyn
|
0-0: Ball 1-0: Ball 2-0: Ball 3-0: Base on Balls
|
Batting: RHB Félix Escamilla
|
0-0: Swinging Strike 0-1: Ball 1-1: 2-RUN HOME RUN (Line Drive, 7D), Distance : 371 ft
|
Batting: LHB Nick Hopper
|
0-0: Called Strike 0-1: Ground out 5-3 (Groundball, 56)
|
Batting: SHB Van White
|
0-0: Ground out 6-3 (Groundball, 6)
|
Top of the 7th over - 2 run(s), 1 hit(s), 0 error(s), 0 left on base; Minnesota 3 - Oregon State 9 |
BOTTOM OF THE 7TH |
Oregon State Beavers batting - Pitching for Minnesota Golden Gophers : LHP Javier Robles
|
Pitching: RHP Ron Roach
|
|
Batting: RHB Ron Murphy
|
0-0: SINGLE (Line Drive, 9LS)
|
Batting: LHB Bob Johnson
|
0-0: Bunted foul 0-1: Sac Bunt - play at first, batter OUT! 1-4 Ron Murphy to second
|
Batting: RHB Francisco Hernández
|
0-0: Called Strike 0-1: Ball 1-1: Ground out 6-3 (Groundball, 6M) Ron Murphy to third
|
Batting: RHB Ben Barker
|
0-0: SINGLE (Line Drive, 78M) Ron Murphy scores
|
Batting: RHB Abraham Hardy
|
0-0: Called Strike Ben Barker steals 2nd base 0-1: Ball 1-1: Called Strike 1-2: Strikes out looking
|
Bottom of the 7th over - 1 run(s), 2 hit(s), 0 error(s), 1 left on base; Minnesota 3 - Oregon State 10 |
TOP OF THE 8TH |
Minnesota Golden Gophers batting - Pitching for Oregon State Beavers : LHP Mario Morales
|
Batting: LHB Matt Murphy
|
0-0: SINGLE (Groundball, 34D)
|
Batting: LHB Doug Willard
|
0-0: Ball 1-0: Foul Ball, location: 2F 1-1: Swinging Strike 1-2: Ball 2-2: Fly out, F7 (Flyball, 78M)
|
Batting: RHB Brady McIntyre
|
0-0: Ball 1-0: Ball 2-0: Fly out, F8 (Line Drive, 8RM)
|
Batting: RHB Esteban Ayala
|
0-0: Ball 1-0: Ball 2-0: Called Strike 2-1: Ball 3-1: Fly out, F4 (Popup, 4MD)
|
Top of the 8th over - 0 run(s), 1 hit(s), 0 error(s), 1 left on base; Minnesota 3 - Oregon State 10 |
BOTTOM OF THE 8TH |
Oregon State Beavers batting - Pitching for Minnesota Golden Gophers : RHP Ron Roach
|
Batting: LHB Charlie Dennis
|
0-0: Ball 1-0: Foul Ball, location: 2F 1-1: Ball 2-1: Ball 3-1: Called Strike 3-2: Foul Ball, location: 2F 3-2: Fly out, F6 (Popup, 56D)
|
Batting: RHB Elvis Hendrix
|
0-0: SINGLE (Line Drive, 78S)
|
Batting: RHB Jorge Costa
|
0-0: Ball 1-0: Ball 2-0: Called Strike 2-1: Ball 3-1: Called Strike 3-2: Strikes out looking Elvis Hendrix steals 2nd base Batter strikes out.
|
Batting: SHB Gerald Young
|
0-0: Ball 1-0: Ball 2-0: Ball Wild Pitch! Elvis Hendrix to third 3-0: Called Strike 3-1: Ground out 1-3 (Groundball, 13)
|
Bottom of the 8th over - 0 run(s), 1 hit(s), 0 error(s), 1 left on base; Minnesota 3 - Oregon State 10 |
TOP OF THE 9TH |
Minnesota Golden Gophers batting - Pitching for Oregon State Beavers : LHP Mario Morales
|
Now in RF: Ken Ramsey
|
|
Batting: RHB Ben Lund
|
0-0: Called Strike 0-1: Ball 1-1: Fly out, F7 (Flyball, 7M)
|
Batting: RHB Tim Glendonwyn
|
0-0: Ball 1-0: Ground out 5-3 (Groundball, 5L)
|
Batting: RHB Félix Escamilla
|
0-0: Ball 1-0: Foul Ball, location: 2F 1-1: Foul Ball, location: 2F 1-2: Foul Ball, location: 2F 1-2: Strikes out swinging
|
Top of the 9th over - 0 run(s), 0 hit(s), 0 error(s), 0 left on base; Minnesota 3 - Oregon State 10 |
|